 Dungeon Crawl Stone Soup version 0.27-a0-1347-gd8886f0a89 (webtiles) character file.

Game seed: 18067190447366306002

233 Sweetruy1997 the Chopper (level 6, -6/52 HPs)
             Began as a Hill Orc Monk on June 27, 2021.
             Mangled by Sigmund (8 damage)
             ... on level 4 of the Dungeon.
             The game lasted 00:07:25 (3227 turns).

Sweetruy1997 the Chopper (Hill Orc Monk)            Turns: 3227, Time: 00:07:26

Health: -6/52      AC:  7    Str: 15    XL:     6   Next: 4%
Magic:  6/6        EV: 10    Int: 10    God:
Gold:   126        SH:  0    Dex: 14    Spells: 5/5 levels left

rFire    . . .     SeeInvis .   a - +0 hand axe
rCold    . . .     Faith    .   (no shield)
rNeg     . . .     Spirit   .   c - +0 scale mail
rPois    .         Reflect  .   (no helmet)
rElec    .         Harm     .   (no cloak)
rCorr    +         Rampage  .   g - +0 pair of gloves
Will     .....                  (no boots)
Stlth    +.........             (no amulet)
HPRegen  0.17/turn              j - ring of resist corrosion
MPRegen  0.10/turn              (no ring)

@: no status effects
A: no striking features
a: no special abilities


You were on level 4 of the Dungeon.
You visited 1 branch of the dungeon, and saw 4 of its levels.

You collected 126 gold pieces.

Inventory:

Hand Weapons
 a - a +0 hand axe (weapon)
Missiles
 e - 6 poisoned darts (quivered)
 k - 5 atropa-tipped darts
 l - 5 curare-tipped darts
Armour
 c - a +0 scale mail (worn)
 g - a +0 pair of gloves (worn)
Jewellery
 j - a ring of resist corrosion (left hand)
Wands
 i - a wand of charming (5)
Scrolls
 b - a scroll of blinking
 d - a scroll of identify
 f - a scroll of teleportation


   Skills:
 - Level 4.0 Fighting
 + Level 6.6 Axes
 + Level 2.5 Throwing
 - Level 1.0 Armour
 - Level 3.0 Dodging
 + Level 1.6 Stealth


You had 5 spell levels left.
You didn't know any spells.
Your spell library was empty.

Dungeon Overview and Level Annotations

Branches:
Dungeon (4/15)
 Temple: D:4-7

Altars:
Dithmenos

Annotations:
D:4 Sigmund


Message History

Sigmund is heavily wounded.
Sigmund barely misses you.
You slash Sigmund!
Sigmund is severely wounded.
Sigmund gestures wildly while chanting.
Sigmund flickers and vanishes!
Deactivating autopickup; reactivate with Ctrl-A.
You miss something. Something hits you.
You closely miss something.
You hear some strange, mumbled words.
You are confused.
You completely miss something. Something hits you.
You aren't carrying any potions.
You hit something.
You hear some strange, mumbled words.
A magic dart appears from out of thin air!
The magic dart hits you.
You miss something. Something hits you but does no damage.
You're too confused to move!
You hear some strange, mumbled words.
A magic dart appears from out of thin air!
The magic dart hits you.
You are too confused!
Something hits you but does no damage.
You're too confused to move!
Something hits you but does no damage.
You bump into the rock wall.
Something hits you.
You feel less confused.
You hear some strange, mumbled words.
You are confused.
Something hits you. Something hits you. Something hits you.
* * * LOW HITPOINT WARNING * * *
Something hits you!
* * * LOW HITPOINT WARNING * * *
Something hits you.
* * * LOW HITPOINT WARNING * * *
You feel less confused. Something hits you!
You die...

.#+##
##...##
##.....##
##.......##
#.........#
+.........+
#..<......#
##...{...##
##..@..##
##...##
##+##


There were no monsters in sight!

Vanquished Creatures
  An ogre (D:3)
  Jessica (D:3)
  5 adders
  A worm (D:2)
  6 dart slugs
  2 orcs (D:3)
  5 ball pythons
  3 endoplasms
  2 giant cockroaches (D:1)
  3 goblins
  4 hobgoblins
  2 jackals (D:3)
  3 quokkas
  10 bats
  A frilled lizard (D:2)
  6 kobolds
  6 rats
61 creatures vanquished.

Notes
Turn   | Place    | Note
-------+----------+-------------------------------------------
     0 | D:1      | Sweetruy1997 the Hill Orc Monk began the quest for the Orb.
     0 | D:1      | Reached XP level 1. HP: 19/19 MP: 1/1
   279 | D:1      | Reached XP level 2. HP: 24/27 MP: 2/2
   441 | D:1      | Found a faded altar of an unknown god.
   773 | D:1      | Reached XP level 3. HP: 31/33 MP: 3/3
  1292 | D:2      | Reached skill level 5 in Axes
  1369 | D:2      | Reached XP level 4. HP: 36/40 MP: 4/4
  1856 | D:2      | Found a shadowy altar of Dithmenos.
  1896 | D:2      | Reached skill level 1 in Armour
  2316 | D:3      | Reached skill level 1 in Throwing
  2703 | D:3      | Reached XP level 5. HP: 45/46 MP: 5/5
  2707 | D:3      | Noticed Jessica
  2720 | D:3      | Killed Jessica
  2721 | D:3      | Reached skill level 6 in Axes
  2902 | D:3      | Noticed an ogre
  2914 | D:3      | Killed an ogre
  2915 | D:3      | Reached XP level 6. HP: 45/52 MP: 6/6
  3198 | D:4      | Noticed Sigmund
  3226 | D:4      | HP: 2/52 [something (2)]
  3227 | D:4      | Mangled by Sigmund

Illustrated notes

Levels and vault maps discovered:
D:1:      dpeg_cavernosity, layout_loops_ring,
          ebering_ecumenical_altar_sacrificial
D:2:      layout_loops_ring, basic_altar
D:3:      layout_rooms, serial_forest, infiniplex_forest_end_1,
          infiniplex_forest_straight_4, infiniplex_forest_lined_3,
          infiniplex_forest_clump_long, infiniplex_forest_end_2, minmay_vboxes,
          uniq_jessica
D:4:      layout_loops_corners, chequers_temple_overflow_statue_of_worship,
          kennysheep_boxes, uniq_sigmund

Skill      XL: |  1  2  3  4  5 |
---------------+----------------+-----
Dodging        | 3 |  3.0
Fighting       | 4 |  4.0
Axes           | 5 6 |  6.6
Armour         | 1 |  1.0
Throwing       | 1 2 |  2.5
Stealth        | |  1.6

Action                   |  1- 3 |  4- 6 || total
-------------------------+-------+-------++-------
Melee: Hand axe          |   133 |    95 ||   228
Throw: Dart              |    12 |    51 ||    63
  Use: Scroll            |       |     4 ||     4
       Potion            |       |     1 ||     1
Armor: Scale mail        |    67 |    24 ||    91
Dodge: Dodged            |    72 |    46 ||   118

Table legend: (Time is in decaauts)
 A = Elapsed time spent in this place.
 B = Non-inter-level travel time spent in this place.
 C = Inter-level travel time spent in this place.
 D = Time resting spent in this place.
 E = Time spent auto-exploring this place.
 F = Levels seen in this place.
 G = Mean time per level.
                   A        B        C        D        E       F      G
               +--------+--------+--------+--------+--------+-----+--------+
         Total |   3236 |   3139 |     97 |    642 |   2003 |   4 |  809.0 |
       Dungeon |   3236 |   3139 |     97 |    642 |   2003 |   4 |  809.0 |
               +--------+--------+--------+--------+--------+-----+--------+

Top non-repeatable levels by time:
     D:2: 1249 daAuts
     D:1: 1027 daAuts
     D:3: 930 daAuts
     D:4: 28 daAuts
